 Dungeon Crawl Stone Soup version 0.20-a0-433-g9e36e56 (webtiles) character file.

8239 Kriby the Thaumaturge (level 11, -1/70 HPs)
             Began as a Mummy Fire Elementalist on Jan 4, 2017.
             Was a Priest of Ashenzari.
             Slain by Snorg (13 damage)
             ... on level 10 of the Dungeon.
             The game lasted 00:24:22 (15847 turns).

Kriby the Thaumaturge (Mummy Fire Elementalist)    Turns: 15847, Time: 00:24:23

Health: -1/70      AC:  6    Str: 12    XL:     11   Next: 7%
Magic:  4/28       EV: 13    Int: 18    God:    Ashenzari [***...]
Gold:   991        SH:  0    Dex: 12    Spells: 19/36 levels left

rFire  x . .     SeeInvis +     j - +4 short sword (elec) (curse)
rCold  + . .     Gourm    .     r - +2 robe {MR+} (curse)
rNeg   + + +     Faith    +     (no shield)
rPois  ∞         Spirit   .     (no helmet)
rElec  .         Reflect  .     b - +0 cloak (curse)
rCorr  .         Harm     .     q - +0 pair of gloves (curse)
MR     ++...                    (no boots)
Stlth  ++........               d - amulet of faith (curse)
                                (no ring)
                                w - ring of wizardry (curse)

@: repel missiles
A: no food or potions, fire vulnerability, cold resistance 1, negative energy
resistance 3, torment resistance, unbreathing
a: Curse Item, Scrying, Renounce Religion


You were on level 10 of the Dungeon.
You worshipped Ashenzari.
Ashenzari was most pleased with you.
You were not hungry.

You visited 1 branch of the dungeon, and saw 10 of its levels.
You also visited: Ossuary.

You collected 991 gold pieces.

Inventory:

Hand Weapons
 j - a cursed +4 short sword of electrocution (weapon)
Missiles
 p - 3 tomahawks of returning (quivered)
Armour
 a - a +0 robe
 b - a cursed +0 cloak (worn)
 q - a cursed +0 pair of gloves (worn)
 r - a cursed +2 robe of magic resistance (worn)
 u - a +0 cloak
 x - a +0 large shield
Jewellery
 d - a cursed amulet of faith (around neck)
 v - an uncursed amulet of guardian spirit
 w - a cursed ring of wizardry (left hand)
Wands
 c - a wand of polymorph (16/24)
 o - a wand of paralysis (18/24)
 t - a wand of digging (19/24)
 y - a wand of random effects (15/48)
Scrolls
 e - 2 scrolls of remove curse
 f - 5 scrolls of teleportation
 h - 2 scrolls of magic mapping
 i - a scroll of fog
 k - a scroll of immolation
 m - 7 scrolls of amnesia
 n - 11 scrolls of identify
 s - 2 scrolls of recharging
Potions
 g - a potion of ambrosia {unknown}
 z - a potion of haste {unknown}
 A - a potion of heal wounds
 B - 4 potions of curing {unknown}
 C - a potion of brilliance {unknown}
 D - 2 potions of lignification {unknown}
 E - a potion of degeneration {unknown}
 F - a potion of beneficial mutation {unknown}
Books
 l - the Almanac of Virous Weightlessness
   (You found it on level 8 of the Dungeon)

   Spells                             Type                      Level
   a - Shock                          Conjuration/Air              1
   b - Repel Missiles                 Charms/Air                   2
   c - Spider Form                    Transmutation/Poison         3
   d - Alistair's Intoxication        Transmutation/Poison         5
   e - Tornado                        Air                          9


   Skills:
 + Level 1.0 Fighting
 + Level 1.0(2.6) Short Blades
 + Level 2.0(3.5) Dodging
 - Level 1.5(2.9) Stealth
 * Level 13.2 Spellcasting
 + Level 8.1(10.0) Conjurations
 + Level 7.4(9.3) Fire Magic


You had 19 spell levels left.
You knew the following spells:

 Your Spells              Type           Power        Failure   Level  Hunger
a - Flame Tongue          Conj/Fire      #####        1%          1    N/A
b - Conjure Flame         Conj/Fire      #####...     1%          3    N/A
c - Sticky Flame          Conj/Fire      #####...     1%          4    N/A
d - Throw Flame           Conj/Fire      #####.       1%          2    N/A
e - Fireball              Conj/Fire      #####.....   1%          5    N/A
R - Repel Missiles        Chrm/Air       ##....       4%          2    N/A

Dungeon Overview and Level Annotations

Branches:
Dungeon (10/15)            Temple (0/1) D:6             Orc (0/2) D:9
   Lair: D:8-11

Altars:
Ashenzari
Cheibriados
Elyvilon
Fedhas
Gozag
Hepliaklqana
Kikubaaqudgha
Nemelex Xobeh
Trog
Uskayaw
Zin

Annotations:
D:10 Snorg


Innate Abilities, Weirdness & Mutations

You do not eat or drink.
Your flesh is vulnerable to fire.
You are immune to poison.
Your flesh is cold resistant. (rC+)
You are immune to negative energy. (rN+++)
You are immune to unholy pain and torment.
You can survive without breathing.


Message History

Snorg is covered in liquid flames!
Snorg burns!
Snorg barely misses you. x2
Snorg claws you!!
* * * LOW HITPOINT WARNING * * *
An orc warrior comes into view. It is wielding a short sword.
Casting: Sticky Flame
Confirm with . or Enter, or press ? or * to list all spells.
Aiming: Sticky Flame
Press: ? - help, Shift-Dir - straight line, f/p - Snorg
Aim: Snorg (almost dead, berserk, fast, unusually strong, covered in liquid flames)
The sticky flame hits Snorg.
Snorg is almost dead.
Snorg is covered in liquid flames!
Snorg burns!
Snorg bites you but does no damage. Snorg claws you!
* * * LOW HITPOINT WARNING * * *
Snorg closely misses you. x2; Snorg completely misses you.
Snorg misses you.
Snorg burns!
You hear a shout! x2
Snorg burns!
Snorg barely misses you. x2; Snorg completely misses you.
Snorg burns!
Snorg closely misses you. Snorg claws you!
You die...

* ,*#. #.# #.# #5 ** # ,
#.# #)# #.# #. , ,
,,..*,#.#* #.# #.#*#. * #.
**#.###.##### #.# .. ##.#
##.......)# #.#*.. .##
#...###.....###.#*#..,..
....#..#.#..##### #.# , ...
,###....##.#.#######(#*, **
......o...T@......#.# ,*
#...!..###.#####.#.# ,#
#...#.............(#*.#
,........###.#####>####.###
*## ####{# #.[...#.##.....#
, *#T. .## #.#.##.#.#.##
..T ( #............ #.. .*
##......#.#.# # #.#.
##...........#*.


You could see Snorg (berserk) and an orc warrior.

Vanquished Creatures
  3 two-headed ogres (D:8)
  An unseen horror (D:6)
  Psyche (D:8)
  A troll (D:9)
  Prince Ribbit (D:5)
  Grinder (D:4)
  2 wraiths (D:7)
  A hungry ghost (D:9)
  3 orc warriors
  A phantom (D:10)
  A sky beast (D:5)
  4 ice beasts
  2 necrophages (D:7)
  6 ogres
  2 centaurs
  4 bullfrogs
  Blork the orc (D:4)
  A gnoll sergeant (D:8)
  A scorpion (D:7)
  3 killer bees (D:8)
  9 wights
  5 crimson imps
  A bullfrog zombie (D:6)
  3 jellies
  Crazy Yiuf (D:4)
  7 hounds
  2 gnoll shamans
  4 human zombies (D:7)
  A bullfrog skeleton (D:7)
  A centaur skeleton (D:4)
  A human skeleton (D:7)
  2 orc priests
  9 orc wizards
  2 iguanas
  Natasha (thrice) (D:4)
  9 worker ants
  2 big kobold zombies (Ossuary)
  A hound skeleton (D:4)
  10 mummies
  Robin (D:2)
  A worker ant zombie (D:7)
  9 gnolls
  7 adders
  2 adder zombies
  2 adder skeletons
  2 worms (D:2)
  3 dart slugs
  8 leopard geckos
  37 orcs
  10 bats
  8 giant cockroaches
  11 goblins
  10 hobgoblins
  6 jackals
  12 kobolds
  8 quokkas
  A ball python (D:1)
  7 frilled lizards
  A goblin zombie (D:8)
  2 hobgoblin zombies (Ossuary)
  A jackal zombie (D:7)
  3 kobold zombies
  A leopard gecko skeleton (D:4)
  2 leopard gecko zombies
  2 orc zombies (Ossuary)
  A quokka skeleton (D:6)
  A quokka zombie (D:7)
  10 rats
282 creatures vanquished.

Notes
Turn   | Place    | Note
-------+----------+-------------------------------------------
     0 | D:1      | Kriby the Mummy Fire Elementalist began the quest for the Orb.
     0 | D:1      | Reached XP level 1. HP: 13/13 MP: 4/4
    20 | D:1      | Reached skill level 1 in Conjurations
   115 | D:1      | Reached skill level 3 in Spellcasting
   304 | D:1      | Reached XP level 2. HP: 19/19 MP: 4/6
   933 | D:1      | Reached XP level 3. HP: 24/24 MP: 4/7
  1480 | D:2      | Noticed Robin
  1500 | D:2      | Killed Robin
  1615 | D:2      | Reached XP level 4. HP: 30/30 MP: 5/9
  1852 | D:2      | Found a shattered altar of Ashenzari.
  1866 | D:2      | Became a worshipper of Ashenzari the Shackled
  2091 | D:2      | Reached skill level 4 in Spellcasting
  3266 | D:3      | Reached XP level 5. HP: 35/35 MP: 9/11
  3533 | D:3      | Learned a level 3 spell: Conjure Flame
  3538 | D:3      | Learned a level 4 spell: Sticky Flame
  3541 | D:3      | Learned a level 2 spell: Throw Flame
  3694 | D:4      | Noticed Blork the orc
  3887 | D:4      | Noticed Natasha
  3888 | D:4      | Noticed an ogre
  3893 | D:4      | Killed Natasha
  3910 | D:4      | Killed an ogre
  3910 | D:4      | Reached XP level 6. HP: 14/41 MP: 0/12
  4144 | D:4      | Noticed Natasha
  4166 | D:4      | Killed Natasha
  4257 | D:4      | Killed Blork the orc
  4313 | D:4      | Noticed Natasha
  4321 | D:4      | Killed Natasha
  4327 | D:4      | Reached skill level 5 in Spellcasting
  4572 | D:4      | Reached XP level 7. HP: 46/46 MP: 10/14
  4787 | D:4      | Noticed Grinder
  4807 | D:4      | Killed Grinder
  5131 | D:4      | Found a runed door.
  5135 | D:4      | Noticed Crazy Yiuf
  5142 | D:4      | Killed Crazy Yiuf
  5142 | D:4      | Reached skill level 5 in Conjurations
  5492 | D:5      | Entered Level 5 of the Dungeon
  5492 | D:5      | Noticed Prince Ribbit
  5502 | D:5      | Killed Prince Ribbit
  5502 | D:5      | Reached skill level 6 in Spellcasting
  5502 | D:5      | Reached XP level 8. HP: 35/52 MP: 9/17
  5726 | D:5      | Reached skill level 7 in Spellcasting
  5835 | D:5      | Reached * piety under Ashenzari
  6206 | D:5      | Found a hazy altar of Hepliaklqana.
  6631 | D:5      | Found a sparkling altar of Nemelex Xobeh.
  6793 | D:6      | Reached skill level 5 in Fire Magic
  7062 | D:6      | Reached skill level 8 in Spellcasting
  7479 | D:6      | Noticed an unseen horror
  7483 | D:6      | Killed an unseen horror
  7483 | D:6      | Reached skill level 9 in Spellcasting
  7483 | D:6      | Reached XP level 9. HP: 37/57 MP: 3/22
  7737 | D:6      | Learned a level 5 spell: Fireball
  7783 | D:6      | Found a staircase to the Ecumenical Temple.
  8627 | D:7      | Found a white marble altar of Elyvilon.
  8743 | D:7      | Reached skill level 10 in Spellcasting
  9574 | D:7      | Reached ** piety under Ashenzari
 10086 | D:7      | Reached skill level 11 in Spellcasting
 10257 | D:7      | Found an ancient bone altar of Kikubaaqudgha.
 10270 | D:7      | Reached XP level 10. HP: 56/63 MP: 8/25
 11119 | D:8      | Found a sand-covered staircase.
 11193 | Ossuary  | Entered an ossuary
 11623 | D:8      | Noticed a two-headed ogre
 11634 | D:8      | Killed a two-headed ogre
 11634 | D:8      | Reached skill level 12 in Spellcasting
 12024 | D:8      | Noticed a two-headed ogre
 12048 | D:8      | Killed a two-headed ogre
 12361 | D:8      | Found a glowing silver altar of Zin.
 12799 | D:8      | Noticed Psyche
 13255 | D:8      | Killed Psyche
 13360 | D:8      | Identified the Almanac of Virous Weightlessness
 13479 | D:8      | Noticed a two-headed ogre
 13489 | D:8      | Killed a two-headed ogre
 13489 | D:8      | Reached skill level 13 in Spellcasting
 13806 | D:9      | Found an opulent altar of Gozag.
 13811 | D:9      | Found a staircase to the Orcish Mines.
 14002 | D:9      | Found a hide-covered altar of Uskayaw.
 14028 | D:9      | Reached *** piety under Ashenzari
 14592 | D:9      | Found a blossoming altar of Fedhas.
 14634 | D:9      | Reached XP level 11. HP: 69/69 MP: 20/28
 14836 | D:9      | Found a snail-covered altar of Cheibriados.
 14836 | D:9      | Found a bloodstained altar of Trog.
 15162 | D:9      | Reached skill level 1 in Short Blades
 15231 | D:10     | Entered Level 10 of the Dungeon
 15676 | D:10     | Learned a level 2 spell: Repel Missiles
 15694 | D:10     | Found a snail-covered altar of Cheibriados.
 15795 | D:10     | Reached skill level 1 in Fighting
 15836 | D:10     | Noticed Snorg
 15847 | D:10     | Slain by Snorg

Vault maps used:
D:1:      dpeg_arrival_long_road, st_stairs_12
D:2:      evilmike_ruin_ashenzari, kennysheep_generic_room_5, uniq_robin
D:4:      first_bread, uniq_grinder, uniq_crazy_yiuf_cottage, uniq_natasha,
          uniq_blork_the_orc
D:5:      kennysheep_mini_moat, kennysheep_small_spiral,
          nemelex_diamond_rough_becter, uniq_prince_ribbit1
D:7:      lemuel_mausoleum_altar_kikubaaqudgha, basic_altar
D:8:      overflow_temple_1_default, nicolae_ossuary_entry_giza, uniq_psyche
D:9:      kennysheep_mini, nicolae_gozag_cash_rules_everything_around_me,
          gammafunk_temple_overflow_wave, orc_0_dummy, basic_altar,
          hangedman_decor_riveting
D:10:     basic_altar, uniq_snorg
Ossuary:  ossuary_tomb_3

Skill      XL: |  1  2  3  4  5  6  7  8  9 10 11 |
---------------+----------------------------------+-----
Conjurations   | 1 2 3 4 5 6 7 8 |  8.1
Spellcasting   | 3 4 5 6 9 11 13 | 13.2
Fire Magic     | 3 4 5 6 7 |  7.4
Short Blades   | 1 |  1.0
Dodging        | 2 |  2.0
Fighting       | 1 |  1.0
Stealth        | |  1.5

Action                   |  1- 3 |  4- 6 |  7- 9 | 10-12 || total
-------------------------+-------+-------+-------+-------++-------
Melee: Unarmed           |     2 |       |       |       ||     2
       Short sword       |    18 |    10 |   132 |    66 ||   226
 Cast: Flame Tongue      |    54 |   143 |   105 |   209 ||   511
       Conjure Flame     |       |     1 |     8 |    19 ||    28
       Sticky Flame      |       |       |    52 |    32 ||    84
       Fireball          |       |       |     4 |    10 ||    14
       Repel Missiles    |       |       |       |     1 ||     1
Invok: Curse Item        |       |     1 |     5 |       ||     6
  Use: Scroll            |       |       |       |    15 ||    15
Armor: Robe              |    12 |     9 |    37 |    28 ||    86
Dodge: Dodged            |    44 |    37 |   107 |    67 ||   255
